 Dungeon Crawl Stone Soup version 0.16.2-12-gd0ad4c3 (webtiles) character file.

1265 Peloso the Shield-Bearer (level 8, -9/69 HPs)
             Began as a Minotaur Fighter on Oct 27, 2015.
             Killed from afar by Pikel (19 damage)
             ... with a wand of lightning
             ... on level 5 of the Dungeon on Oct 31, 2015.
             The game lasted 00:13:34 (4015 turns).

Peloso the Shield-Bearer (Minotaur Fighter)         Turns: 4015, Time: 00:13:34

Health: -9/69      AC: 12    Str: 21    XL:     8   Next: 27%
Magic:  3/3        EV:  7    Int:  5    God:
Gold:   335        SH: 11    Dex: 12    Spells: 0 memorised, 7 levels left

rFire  . . .     SeeInvis .     a - +1 long sword
rCold  . . .     Clarity  .     t - +0 chain mail
rNeg   . . .     SustAb   .     c - +0 shield
rPois  .         Gourm    .     (helmet restricted)
rElec  .         Spirit   .     k - +1 cloak
rCorr  .         Warding  .     (no gloves)
rMut   .         Stasis   .     (no boots)
MR     .....                    (no amulet)
Stlth  ..........               (no ring)
                                (no ring)

@: not resistant to hostile enchantments, extremely unstealthy
A: retaliatory headbutt, horns 2
a: no special abilities


You were on level 5 of the Dungeon.
You were hungry.

You visited 1 branch of the dungeon, and saw 5 of its levels.

You collected 335 gold pieces.

Inventory:

Hand weapons
 a - a +1 long sword (weapon)
Armour
 b - a +0 scale mail
 c - a +0 shield (worn)
 h - a +3 scale mail
 k - a +1 cloak (worn)
 t - a +0 chain mail (worn)
Magical devices
 r - a wand of draining (7)
 x - a wand of paralysis (13)
Scrolls
 s - a scroll of random uselessness {unknown}
 y - a scroll of magic mapping
Potions
 e - 2 potions of might
 f - 3 potions of brilliance
 g - a potion of curing
 n - a potion of degeneration {unknown}
 o - 2 potions of restore abilities {unknown}
 q - a potion of invisibility {unknown}
 u - 2 potions of heal wounds {unknown}
 v - 2 potions of magic {unknown}
 w - a potion of mutation {unknown}
Comestibles
 d - a bread ration
 i - a royal jelly
 j - a chunk of flesh
 l - 2 slices of pizza
 m - a beef jerky
 p - 3 fruits


   Skills:
 + Level 5.5 Fighting
 + Level 6.5 Long Blades
 + Level 6.8 Armour
 + Level 3.4 Dodging
 + Level 0.3 Stealth
 + Level 7.0 Shields


You had 7 spell levels left.
You didn't know any spells.

Dungeon Overview and Level Annotations

Branches:
Dungeon (5/15)
 Temple: D:4-7

Altars:
Vehumet

Annotations:
D:5 Pikel


Innate Abilities, Weirdness & Mutations

You reflexively headbutt those who attack you in melee.
You have a pair of horns on your head.


Message History

Pikel zaps a wand.
The bolt of lightning hits you!
You hit Pikel but do no damage.
Pikel is lightly wounded.
Pikel zaps a wand.
The bolt of lightning hits you!
You hit Pikel but do no damage. Your headbutt misses Pikel.
Pikel is lightly wounded.
You block Pikel's attack.
You barely miss Pikel. Your headbutt misses Pikel.
Pikel is lightly wounded.
Pikel hits you but does no damage.
You hit Pikel but do no damage. You headbutt Pikel.
Pikel is moderately wounded.
You block Pikel's attack.
You closely miss Pikel. Your headbutt misses Pikel.
Pikel is moderately wounded.
Pikel zaps a wand.
The bolt of lightning hits you!
* * * LOW HITPOINT WARNING * * *
Drink which item? (? for menu, Esc to quit)
You feel better.
Pikel zaps a wand.
The bolt of lightning hits you!
You die...

#...)......#.....
#.###.##........#
#.# #......#...##
#.# ######.....>.
##.# ####.###
#..# #.# #.##
##'## #.# ##...##
#@# ##.....# #K#
##....... #p#
#........


#pp +........ .l. #........ #.#. ##....... #... ##.....# ###.# ##...## ##'## You
could see Pikel, 3 slaves and a giant newt.

Vanquished Creatures
  The ghost of Kloppie the Skirmisher, an average FoFi of Elyvilon (D:4)
  Prince Ribbit (D:5)
  The ghost of CcS the Shooter, an average CeHu (D:3)
  A phantom (D:4)
  An ogre (D:4)
  A scorpion (D:4)
  A crimson imp (D:4)
  An orc wizard (D:4)
  Crazy Yiuf (D:4)
  3 hounds (D:4)
  An orc priest (D:4)
  A worker ant (D:4)
  2 hound skeletons (D:4)
  15 adders
  2 worms
  A giant mite (D:4)
  2 oozes
  14 orcs
  12 bats
  7 goblins
  11 hobgoblins
  10 kobolds
  3 quokkas
  5 ball pythons
  2 giant cockroaches
  2 giant newts (D:2)
  11 rats
  3 fungi (D:4)
116 creatures vanquished.

Notes
Turn   | Place    | Note
--------------------------------------------------------------
     0 | D:1      | Peloso, the Minotaur Fighter, began the quest for the Orb.
     0 | D:1      | Reached XP level 1. HP: 19/19 MP: 1/1
   198 | D:1      | Reached XP level 2. HP: 27/27 MP: 1/1
   204 | D:1      | Reached skill level 4 in Armour
   434 | D:2      | Reached XP level 3. HP: 33/33 MP: 2/2
  1106 | D:3      | Reached XP level 4. HP: 20/40 MP: 2/2
  1429 | D:3      | Reached skill level 1 in Dodging
  1587 | D:3      | Reached skill level 5 in Armour
  1587 | D:3      | Reached XP level 5. HP: 45/47 MP: 2/2
  1882 | D:3      | Noticed CcS's ghost (average CeHu)
  1901 | D:3      | Killed CcS's ghost
  1901 | D:3      | Reached skill level 5 in Shields
  1901 | D:3      | Reached XP level 6. HP: 19/53 MP: 3/3
  2441 | D:4      | Reached XP level 7. HP: 52/60 MP: 3/3
  2521 | D:4      | Noticed Kloppie's ghost (average FoFi)
  2542 | D:4      | Reached skill level 5 in Fighting
  2542 | D:4      | Reached skill level 6 in Armour
  2551 | D:4      | Killed Kloppie's ghost
  2551 | D:4      | Reached skill level 5 in Long Blades
  2727 | D:4      | Noticed Crazy Yiuf
  2736 | D:4      | Killed Crazy Yiuf
  3399 | D:4      | Reached XP level 8. HP: 64/68 MP: 3/3
  3765 | D:5      | Entered Level 5 of the Dungeon
  3766 | D:5      | Found a radiant altar of Vehumet.
  3819 | D:5      | Noticed Prince Ribbit
  3832 | D:5      | Killed Prince Ribbit
  3832 | D:5      | Reached skill level 7 in Shields
  3998 | D:5      | Noticed Pikel
  4015 | D:5      | Killed from afar by Pikel

Action                   |  1- 3 |  4- 6 |  7- 9 || total
-------------------------+-------+-------+-------++-------
Melee: Long sword        |    82 |   182 |   118 ||   382
  Use: Scroll            |     2 |     5 |     2 ||     9
       Potion            |       |     1 |     2 ||     3
  Eat: Chunk             |     1 |     4 |     4 ||     9
       Fruit             |       |       |     1 ||     1
